 Dungeon Crawl Stone Soup version 0.28.0-62-gf88900778d (webtiles) character file.

Game seed: 16477029836429313371

34 cbfl8 the Chopper (level 3, -1/33 HPs)
             Began as a Minotaur Berserker on Oct 4, 2023.
             Was a Believer of Trog.
             Engulfed by a cloud of flame (20 damage)
             ... on level 1 of the Dungeon.
             The game lasted 00:01:00 (1174 turns).

cbfl8 the Chopper (Minotaur Berserker)              Turns: 1174, Time: 00:01:01

Health: -1/33      AC:  5    Str: 21    XL:     3   Next: 14%
Magic:  2/2        EV: 11    Int:  4    God:    Trog [**....]
Gold:   37         SH:  5    Dex: 11    Spells: 2/2 levels left

rFire   . . .      SeeInvis .   a - +0 hand axe
rCold   . . .      Faith    .   (no shield)
rNeg    . . .      Spirit   .   g - +0 ring mail
rPois   .          Reflect  +   (helmet restricted)
rElec   .          Harm     .   (no cloak)
rCorr   .          Rampage  .   (no gloves)
Will    .....                   (no boots)
Stlth   +.........              h - amulet of reflection
HPRegen 0.11/turn               (no ring)
MPRegen 0.08/turn               (no ring)

@: no status effects
A: horns 2, retaliatory headbutt
a: Renounce Religion, Berserk, Trog's Hand


You were on level 1 of the Dungeon.
You worshipped Trog.
Trog was pleased with you.
You visited 1 branch of the dungeon, and saw 1 of its levels.

You collected 37 gold pieces.

Inventory:

Hand Weapons
 a - a +0 hand axe (weapon)
Armour
 g - a +0 ring mail (worn)
Jewellery
 h - an amulet of reflection (around neck)
Scrolls
 d - a scroll of blinking {unknown}
 f - a scroll of magic mapping {unknown}
Potions
 b - a potion of brilliance {unknown}
 c - a potion of curing {unknown}
 e - a potion of flight {unknown}


   Skills:
 + Level 4.2 Fighting
 + Level 4.2 Axes
 + Level 2.7 Armour
 * Level 2.5 Dodging
 * Level 0.4 Stealth


You had 2 spell levels left.
You didn't know any spells.
Your spell library was empty.

Dungeon Overview and Level Annotations

Branches:
Dungeon (1/15)

Altars:


Innate Abilities, Weirdness & Mutations

You have a pair of horns on your head.
You reflexively headbutt those who attack you in melee.


Message History

You feel a shielding aura gather around you.
h - an amulet of reflection (around neck)
You drop an amulet of guardian spirit.
e - an inky potion
There is an open door here.
A frilled lizard comes into view.
The frilled lizard hisses angrily.
A frilled lizard is nearby!
The frilled lizard bites you.
A frilled lizard is nearby!
You barely miss the frilled lizard. The frilled lizard bites you.
A frilled lizard is nearby!
You miss the frilled lizard.
The frilled lizard bites you but does no damage.
A frilled lizard is nearby!
You hit the frilled lizard.
You kill the frilled lizard!
Trog accepts your kill.
Found 4 boomerangs.
No target in view!
You open the door.
There is an open door here.
Partly explored, can't reach some items and places.
No target in view!
Key pressed, stopping explore.
No target in view!
Partly explored, can't reach some items and places.
No target in view!
Partly explored, can't reach some items and places.
No target in view!
Partly explored, can't reach some items and places.
Really walk into a travel-excluded area? [Y]es or [N]o only, please.
Really walk into a travel-excluded area?
Really walk into that cloud of flame?
You are engulfed in blazing flames.
A goblin comes into view. It is wielding a +0 dagger.
You are engulfed in blazing flames.
Ouch! That really hurt!
You die...

#)....######
#.....######
#...........
#######...........
#.................
##.#####.....######
#...# ##....# #§§§#
#.#### #.@§# #.#
#§☼.# #.#
#...#####.#
.$(...§§..#
§.($/.§○○..#
§§...?.§§°.##
####...##### #g§.#


You could see a goblin (asleep).

Vanquished Creatures
  2 dart slugs (D:1)
  4 ball pythons (D:1)
  3 bats (D:1)
  3 endoplasms (D:1)
  A hobgoblin (D:1)
  2 jackals (D:1)
  3 quokkas (D:1)
  A frilled lizard (D:1)
  2 goblins (D:1)
  4 kobolds (D:1)
  2 rats (D:1)
27 creatures vanquished.

Vanquished Creatures (others)
  2 plants (D:1)
2 creatures vanquished.

Grand Total: 29 creatures vanquished

Notes
Turn   | Place    | Note
-------+----------+-------------------------------------------
     0 | D:1      | cbfl8 the Minotaur Berserker began the quest for the Orb.
     0 | D:1      | Reached XP level 1. HP: 19/19 MP: 0/0
   293 | D:1      | Reached XP level 2. HP: 27/27 MP: 1/1
   962 | D:1      | Found a faded altar of an unknown god.
   986 | D:1      | Reached XP level 3. HP: 33/33 MP: 2/2
   999 | D:1      | Reached ** piety under Trog
  1174 | D:1      | Engulfed by a cloud of flame

Illustrated notes

Levels and vault maps discovered:
D:1:      dpeg_arrival_three_same_balls, layout_basic,
          dilly_ecumenical_altar_fadedgnrine, lemuel_flame_loot_1

Skill      XL: |  1  2 |
---------------+-------+-----
Fighting       | 4 |  4.2
Axes           | 4 |  4.2
Armour         | |  2.7
Dodging        | |  2.5
Stealth        | |  0.4

Action                   || total
-------------------------++-------
Melee: Hand axe          ||    62
       Headbutt          ||     8
Armor: Animal skin       ||     7
       Ring mail         ||    11
Dodge: Dodged            ||    46
